 Dungeon Crawl Stone Soup version 0.18.1-50-g88ac8fd (webtiles) character file.

256 Elvenhound the Covert (level 5, -1/38 HPs)
             Began as a Vampire Assassin on Oct 2, 2016.
             Was a Follower of Dithmenos.
             Killed from afar by an orc wizard (4 damage)
             ... with a magic dart
             ... on level 3 of the Dungeon.
             The game lasted 00:10:20 (1706 turns).

Elvenhound the Covert (Vampire Assassin)            Turns: 1706, Time: 00:10:21

Health: -1/38      AC:  7    Str: 11    XL:     5   Next: 92%
Magic:  5/5        EV: 13    Int: 14    God:    Dithmenos [*.....]
Gold:   153        SH:  0    Dex: 15    Spells: 0 memorised, 4 levels left

rFire  + . .     SeeInvis +     a - +2 dagger
rCold  x . .     Gourm    .     c - +0 robe
rNeg   + . .     Faith    .     (no shield)
rPois  .         Spirit   .     (no helmet)
rElec  .         Dismiss  .     d - +1 cloak
rCorr  .         Reflect  .     k - +2 pair of gloves
SustAt .         Harm     .     (no boots)
MR     .....                    (no amulet)
Stlth  +++++.....               (no ring)
                                o - ring of fire

@: slowed, wreathed by umbra, very slow, not resistant to hostile enchantments,
quite stealthy
A: fangs 3, see invisible, unbreathing
a: Bat Form, Renounce Religion


You were on level 3 of the Dungeon.
You worshipped Dithmenos.
Dithmenos was aware of your devotion.
You were not thirsty.

You visited 1 branch of the dungeon, and saw 3 of its levels.

You collected 153 gold pieces.

Inventory:

Hand Weapons
 a - a +2 dagger (weapon)
 b - a +0 hunting sling
 h - a +0 blowgun
Missiles
 e - 8 poisoned needles
 f - 2 curare-tipped needles
 i - 133 stones (quivered)
 n - 35 sling bullets
Armour
 c - a +0 robe (worn)
 d - a +1 cloak (worn)
 k - a +2 pair of gloves (worn)
Jewellery
 o - a ring of fire (left hand)
Scrolls
 g - 3 scrolls of identify
 m - a scroll of amnesia
Potions
 j - 3 potions of curing
 l - a potion of cancellation
 p - a potion of flight
 q - 13 potions of blood
 r - a potion of ambrosia {unknown}
 s - a potion of brilliance {unknown}


   Skills:
 + Level 2.0 Fighting
 + Level 2.9 Short Blades
 + Level 0.1(1.1) Slings
 + Level 1.9 Throwing
 + Level 3.4 Dodging
 + Level 9.0 Stealth


You had 4 spell levels left.
You didn't know any spells.

Dungeon Overview and Level Annotations

Branches:
Dungeon (3/15)

Altars:
Dithmenos

Annotations:
D:3 Nubnuts's ghost, amateur TeCj


Innate Abilities, Weirdness & Mutations

You have razor-sharp teeth.
You have supernaturally acute eyesight.
You can survive without breathing.


Message History

Your Stealth skill increases to level 9!
The orc wizard points at you and mumbles some strange words.
The magic dart hits you!
* * * LOW HITPOINT WARNING * * *
The orc closely misses you. The orc wizard hits you with a dagger.
* * * LOW HITPOINT WARNING * * *
The orc wizard closely misses you.
The orc wizard gestures wildly while chanting.
The orc wizard blinks!
The orc wizard casts a spell at you.
You feel yourself slow down. The orc wizard casts a spell at you.
The magic dart hits you!
* * * LOW HITPOINT WARNING * * *
The orc wizard casts a spell.
The orc wizard blinks!
The orc wizard casts a spell at you. The magic dart hits you!
You die...

#.#######.###..................
#.............o........##......
#...o.......##o###.###.###...#.
#.######...###.# #.##...###.##.
#.# ##.# #.# #.#.....##.##. #.#
## #o# #>..)....#.##. #.# #.#
#..........##. #.# #.#
##.......####. ###.# #@#
##.....## #. ....# #.#
##...######. ##..# #o#
##......... ##..##### #.#
########## .......... ..#
########## ###


You could see 2 orc wizards and 2 orcs.

Vanquished Creatures
  An ogre (D:3)
  An orc wizard (D:3)
  A giant frog skeleton (D:3)
  Ijyb (D:2)
  3 gnolls (D:3)
  A dart slug (D:3)
  3 worms
  2 giant geckos
  6 bats
  3 giant cockroaches
  8 hobgoblins
  4 kobolds
  A quokka (D:2)
  2 ball pythons
  4 giant newts
  8 goblins
  4 rats
53 creatures vanquished.

Notes
Turn   | Place    | Note
--------------------------------------------------------------
     0 | D:1      | Elvenhound the Vampire Assassin began the quest for the Orb.
     0 | D:1      | Reached XP level 1. HP: 16/16 MP: 1/1
    85 | D:1      | Reached skill level 6 in Stealth
   176 | D:1      | Reached XP level 2. HP: 22/22 MP: 2/2
   618 | D:2      | Found a shadowy altar of Dithmenos.
   627 | D:2      | Reached XP level 3. HP: 25/27 MP: 3/3
   637 | D:2      | Became a worshipper of Dithmenos the Shadowed
  1170 | D:2      | Reached skill level 7 in Stealth
  1176 | D:2      | Noticed Ijyb
  1179 | D:2      | Killed Ijyb
  1179 | D:2      | Reached XP level 4. HP: 24/33 MP: 4/4
  1346 | D:3      | Noticed an ogre
  1349 | D:3      | Killed an ogre
  1349 | D:3      | Reached skill level 8 in Stealth
  1349 | D:3      | Reached XP level 5. HP: 28/38 MP: 5/5
  1376 | D:3      | Reached * piety under Dithmenos
  1538 | D:3      | Noticed Nubnuts's ghost (amateur TeCj)
  1700 | D:3      | Reached skill level 9 in Stealth
  1706 | D:3      | Killed from afar by an orc wizard

Skill      XL: |  1  2  3  4  5 |
---------------+----------------+-----
Stealth        | 6 7 8 9 |  9.0
Dodging        | 3 |  3.4
Fighting       | 2 |  2.0
Short Blades   | |  2.9
Slings         | |  0.1
Throwing       | |  1.9

Action                   |  1- 3 |  4- 6 || total
-------------------------+-------+-------++-------
Melee: Dagger            |    94 |    63 ||   157
       Bite              |     6 |    14 ||    20
 Fire: Hunting sling     |     2 |     7 ||     9
Throw: Stone             |     3 |       ||     3
  Use: Scroll            |     6 |     4 ||    10
       Potion            |     5 |     1 ||     6
 Stab: Sleeping          |    15 |     6 ||    21
Armor: Robe              |    19 |    14 ||    33
Dodge: Dodged            |    52 |    39 ||    91
